 Dungeon Crawl Stone Soup version 0.28.0-43-g3370ac3207 (webtiles) character file.

Game seed: 10101632277502336581

570 protoss039 the Covered (level 7, -2/44 HPs)
             Began as a Gargoyle Fighter on Mar 15, 2022.
             Slain by an ogre
             ... wielding a +0 giant club
              (8 damage)
             ... on level 4 of the Dungeon.
             The game lasted 00:06:00 (4317 turns).

protoss039 the Covered (Gargoyle Fighter)           Turns: 4317, Time: 00:06:01

Health: -2/44      AC: 12    Str: 22    XL:     7   Next: 34%
Magic:  16/16      EV:  9    Int:  8    God:
Gold:   146        SH:  5    Dex:  9    Spells: 6/6 levels left

rFire   . . .      SeeInvis .   a - +0 flail
rCold   . . .      Faith    .   c - +0 buckler
rNeg    + . .      Spirit   .   b - +0 scale mail
rPois   ∞          Reflect  .   (no helmet)
rElec   +          Harm     .   (no cloak)
rCorr   .          Rampage  .   (no gloves)
Will    .....                   (no boots)
Stlth   ..........              (no amulet)
HPRegen 0.14/turn               m - ring of magical power
MPRegen 0.15/turn               (no ring)

@: no status effects
A: sickness immunity, AC +4, negative energy resistance 1, electricity
resistance, torment resistance 1, petrification resistance
a: no special abilities


You were on level 4 of the Dungeon.
You visited 1 branch of the dungeon, and saw 6 of its levels.

You collected 146 gold pieces.

Inventory:

Hand Weapons
 a - a +0 flail (weapon)
Missiles
 j - 118 stones (quivered)
Armour
 b - a +0 scale mail (worn)
 c - a +0 buckler (worn)
Jewellery
 m - a ring of magical power (left hand)
 r - an amulet of regeneration
Wands
 s - a wand of mindburst (21)
Scrolls
 e - 5 scrolls of identify
 h - 2 scrolls of magic mapping {unknown}
 i - 2 scrolls of teleportation {unknown}
 o - a scroll of brand weapon {unknown}
 p - 2 scrolls of amnesia {unknown}
Potions
 f - a potion of curing
 g - 2 potions of attraction {unknown}
 k - a potion of mutation {unknown}
 l - a potion of haste {unknown}
 n - 2 potions of brilliance
 q - a potion of heal wounds {unknown}


   Skills:
 + Level 4.5 Fighting
 - Level 2.0 Maces & Flails
 - Level 1.0 Throwing
 + Level 6.7 Armour
 + Level 5.7 Shields


You had 6 spell levels left.
You didn't know any spells.
Your spell library contained the following spells:

 Spells                   Type           Power      Damage    Failure   Level
 Animate Skeleton         Necr           0%         N/A       80%         1
 Apportation              Tloc           0%         N/A       80%         1
 Summon Small Mammal      Summ           0%         N/A       80%         1
 Gell's Gravitas          Tloc           0%         N/A       99%         3
 Teleport Other           Tloc           0%         N/A       99%         3
 Dispersal                Tloc           0%         N/A       100%        6


Dungeon Overview and Level Annotations

Branches:
Dungeon (6/15)
 Temple: D:4-7

Altars:
Uskayaw
Wu Jian
The Shining One

Annotations:
D:4 Robin
D:6 Grinder


Innate Abilities, Weirdness & Mutations

You are immune to sickness and miasma.
Your stone body is resilient. (AC +4)
You are immune to poison.
You resist negative energy. (rN+)
You are resistant to electric shocks. (rElec)
You are resistant to unholy torment.
You are immune to petrification.


Message History

The bat's corpse disappears in a puff of smoke!
The crimson imp hits you but does no damage.
The river rat bites you but does no damage.
You closely miss the rat. You block the rat's attack.
The crimson imp barely misses you. The river rat barely misses you.
The rat bites you but does no damage.
The crimson imp hits you but does no damage.
You sock the rat!
You kill the rat!
The rat's corpse disappears in a puff of smoke!
You block the river rat's attack.
The crimson imp hits you but does no damage.
The river rat barely misses you.
You sock Eustachio!
You kill Eustachio!
The river rat disappears in a puff of smoke! x2
The crimson imp disappears in a puff of smoke!
The white imp disappears in a puff of smoke!
Things that are here:
a +0 rapier; a +0 leather armour Unknown command.
You feel a little less mighty now.
An ogre is nearby!
An ogre is nearby!
An ogre is nearby!
An ogre is nearby!
The ogre shouts!
You closely miss the ogre.
The ogre hits you with a +0 giant club!!
Ouch! That really hurt!
* * * LOW HITPOINT WARNING * * *
You are too injured to fight recklessly!
Unknown command.
Unknown command.
Unknown command.
Unknown command.
Things that are here:
a +0 rapier; a +0 leather armour You barely miss the ogre.
The ogre hits you with a +0 giant club!
You die...

#..........# #..####
..........## #......
....#)#..## #....##
....#.#..... # #..#.##
....#.#.##### .###......
...##.#.# ......... #####.#.#
#.#..... #.#.##############
#....... ##.#.##......@....#
##)...## #..# #.###.##O##.#
#....# #.## #.##.##.# #.#.##
#.# #.##.##.# #.#.# #.#
..##.##.# ##.#.# #.#
######.##.#####....# #.#
#..................#
####.#####...........#####...##
.........###.####...........##


You could see an ogre.

Vanquished Creatures
  A hornet (D:4)
  Eustachio (D:4)
  Menkaure (D:4)
  An orc priest (D:4)
  2 bullfrog skeletons (D:4)
  Natasha (D:2)
  A hound skeleton (D:4)
  6 adders
  2 dart slugs
  8 orcs
  6 endoplasms
  2 giant cockroaches
  7 goblins
  4 hobgoblins
  4 kobolds
  2 quokkas
  8 ball pythons
  6 bats
  A frilled lizard (D:3)
  3 rats
67 creatures vanquished.

Vanquished Creatures (others)
  A goblin (D:4)
  2 hobgoblins (D:4)
3 creatures vanquished.

Grand Total: 70 creatures vanquished

Notes
Turn   | Place    | Note
-------+----------+-------------------------------------------
     0 | D:1      | protoss039 the Gargoyle Fighter began the quest for the
                  | Orb.
     0 | D:1      | Reached XP level 1. HP: 14/14 MP: 1/1
   317 | D:1      | Reached XP level 2. HP: 19/19 MP: 2/2
  1656 | D:2      | Found a faded altar of an unknown god.
  1846 | D:2      | Noticed Natasha
  1852 | D:2      | Killed Natasha
  1853 | D:2      | Reached XP level 3. HP: 18/24 MP: 3/3
  1962 | D:3      | Noticed a +0 short sword
  1962 | D:3      | Noticed a +0 falchion
  1962 | D:3      | Noticed a +0 spear
  1962 | D:3      | Noticed a +0 spear
  1962 | D:3      | Noticed a +0 dagger
  1962 | D:3      | Noticed a +0 short sword
  1967 | D:3      | Noticed a +0 dagger
  1968 | D:3      | Noticed a +0 falchion
  1971 | D:3      | Found a hide-covered altar of Uskayaw.
  2001 | D:3      | Reached skill level 4 in Armour
  2005 | D:3      | Reached XP level 4. HP: 24/29 MP: 4/4
  2114 | D:3      | Reached skill level 1 in Throwing
  2914 | D:4      | Reached XP level 5. HP: 29/33 MP: 5/5
  2916 | D:4      | Noticed Robin
  3083 | D:4      | Reached skill level 5 in Armour
  3487 | D:4      | Noticed an ogre
  3806 | D:4      | Reached XP level 6. HP: 38/38 MP: 6/6
  3873 | D:4      | Found an ornate altar of the Wu Jian Council.
  3874 | D:4      | Noticed Menkaure
  3880 | D:4      | Noticed a hornet
  3888 | D:4      | Killed a hornet
  3889 | D:4      | Reached skill level 5 in Shields
  3891 | D:4      | Killed Menkaure
  3892 | D:4      | Reached skill level 6 in Armour
  4061 | D:4      | You fall into a shaft and drop 2 floors!
  4061 | D:6      | Noticed Grinder
  4061 | D:6      | Noticed a sky beast
  4061 | D:6      | Found a glowing golden altar of the Shining One.
  4063 | D:6      | Paralysed by Grinder for 7 turns
  4076 | D:6      | Noticed an orc warrior
  4078 | D:5      | Entered Level 5 of the Dungeon
  4081 | D:5      | Reached XP level 7. HP: 37/44 MP: 7/7
  4156 | D:4      | Noticed Eustachio
  4188 | D:4      | Killed Eustachio
  4317 | D:4      | Slain by an ogre

Illustrated notes

Levels and vault maps discovered:
D:1:      dpeg_arrival_tiny_g, layout_loops_corners, minmay_close_crescents
D:2:      layout_basic, chequers_ecumenical_altar_grove, uniq_natasha
D:3:      layout_loops_cross, nicolae_uskayaw_en_pointe, serial_glass,
          glass_columns_a, glass_columns_b, glass_columns_c, glass_columns_a,
          glass_columns_c, glass_columns_a, nrook_uturn, bh_walls_and_bars
D:4:      minmay_wonky_spiral, layout_loops_ring, nicolae_wu_jian_wuxing_cycle,
          fiery_altar_vehumet, minmay_temple_entry_from_below_b,
          minmay_surrounded, uniq_edmund, uniq_menkaure, uniq_eustachio,
          uniq_robin
D:5:      layout_rooms, overflow_temple_1_default, grunt_gozag_statues,
          serial_shops, shop
D:6:      layout_gridville, mainiacjoe_overflow_paths, marbit_many_paths,
          uniq_blork_the_orc, uniq_grinder, uniq_sigmund

Skill      XL: |  1  2  3  4  5  6 |
---------------+-------------------+-----
Fighting       | 4 |  4.5
Armour         | 4 5 6 |  6.7
Throwing       | 1 |  1.0
Shields        | 4 5 |  5.7
Maces & Flails | |  2.0

Action                   |  1- 3 |  4- 6 |  7- 9 || total
-------------------------+-------+-------+-------++-------
Melee: Flail             |    81 |   147 |    24 ||   252
  Use: Potion            |       |     1 |     2 ||     3
       Scroll            |       |     1 |       ||     1
Armor: Scale mail        |    49 |    88 |    28 ||   165
Dodge: Dodged            |    51 |    65 |    22 ||   138
Block: Buckler           |    18 |    44 |    12 ||    74
